 Dungeon Crawl Stone Soup version 0.31-a0-222-gefeffbb62a (webtiles) character file.

Game seed: 7712906059545138938

63 qw the Shooter (level 4, 0/27 HPs)
             Began as a Gargoyle Hexslinger on July 5, 2023.
             Slain by a black bear (5 damage)
             ... on level 2 of the Dungeon.
             The game lasted 00:00:32 (1120 turns).

qw the Shooter (Gargoyle Hexslinger)                Turns: 1120, Time: 00:00:32

Health: 0/27       AC: 11    Str: 11    XL:     4   Next: 9%
Magic:  5/5        EV: 10    Int: 14    God:
Gold:   94         SH:  0    Dex: 14    Spells: 4/5 levels left

rFire   . . .        m - +1 sling (heavy)
rCold   . . .        (no shield)
rNeg    + . .        e - +0 ring mail
rPois   inf          i - +0 helmet
rElec   +            (no cloak)
rCorr   .            l - +1 pair of gloves
SInv    .            (no boots)
Will    .....        (no amulet)
Stlth   +            (no ring)
HPRegen 0.24/turn    (no ring)
MPRegen 0.09/turn

%: no passive effects
@: no status effects
A: sickness immunity, AC +3, negative energy resistance 1, electricity
resistance, torment resistance 1, petrification resistance
a: no special abilities


You were on level 2 of the Dungeon.
You visited 1 branch of the dungeon, and saw 2 of its levels.

You collected 94 gold pieces.


Innate Abilities, Weirdness & Mutations

You are immune to sickness and miasma.
Your stone body is resilient. (AC +3)
You are immune to poison.
You resist negative energy. (rN+)
You are resistant to electric shocks. (rElec)
You are resistant to unholy torment.
You are immune to petrification.


   Skills:
 - Level 2.3 Fighting
 + Level 3.3 Ranged Weapons
 - Level 1.3 Armour
 - Level 1.5 Dodging
 - Level 1.0 Spellcasting
 - Level 2.6 Hexes


You had 4 spell levels left.
You knew the following spells:

 Your Spells              Type           Power      Damage    Failure   Level
a - Slow                  Hex            32%        N/A       21%         1

Your spell library contained the following spells:

 Spells                   Type           Power      Damage    Failure   Level
 Inner Flame              Hex/Fire       4%         N/A       71%         3
 Portal Projectile        Hex/Tloc       8%         N/A       71%         3
 Cause Fear               Hex            4%         N/A       90%         4

Inventory:

Hand Weapons
 m - a +1 heavy sling (weapon)
Armour
 e - a +0 ring mail (worn)
 i - a +0 helmet (worn)
 l - a +1 pair of gloves (worn)
Jewellery
 a - a +6 ring of strength
Scrolls
 Y - a scroll of identify
Potions
 d - a potion of heal wounds {unknown}

Dungeon Overview and Level Annotations

Branches:
Dungeon (2/15)

Altars:


Message History

Enter note:
Enter note: You shoot a sling bullet.
The sling bullet hits the black bear but does no damage.
You shoot a sling bullet. The sling bullet hits the black bear!
The black bear is heavily wounded.
You shoot a sling bullet. The sling bullet hits the black bear.
The black bear is severely wounded.
The black bear bites you but does no damage.
The black bear barely misses you. x2
You shoot a sling bullet.
The sling bullet barely misses the black bear.
The black bear barely misses you. x2
The black bear claws you but does no damage.
The black bear barely misses you. The black bear misses you.
The black bear closely misses you.
You shoot a sling bullet. The sling bullet hits the black bear.
The black bear is severely wounded.
The black bear bites you but does no damage.
The black bear misses you. The black bear claws you.
The black bear goes berserk!
You shoot a sling bullet.
The sling bullet hits the black bear but does no damage.
The black bear is severely wounded.
The black bear bites you. The black bear claws you. x2
The black bear bites you.
The black bear claws you but does no damage.
The black bear claws you.
The black bear bites you but does no damage.
The black bear closely misses you. x2
You shoot a sling bullet.
The sling bullet barely misses the black bear.
The black bear bites you. The black bear claws you. x2
The black bear closely misses you. x3; The black bear barely misses you.
The black bear closely misses you. The black bear barely misses you.
You shoot a sling bullet. The sling bullet hits the black bear!
The black bear is almost dead.
The black bear barely misses you. The black bear misses you.
The black bear claws you.
You die...

#.#............
#.#............
##'#............
#.........######
####.........#
#..'.........#
#.##.....<...#
##.###.....####
#.h@.......#
......####.....#
##.>.. #.....#
...... #.....#
....... .....#
....... .......


You could see a black bear (berserk).

Vanquished Creatures
  3 adders (D:2)
  A dart slug (D:1)
  3 orcs (D:2)
  4 ball pythons
  2 bats (D:1)
  An endoplasm (D:1)
  2 giant cockroaches (D:1)
  A goblin (D:1)
  A hobgoblin (D:2)
  2 kobolds (D:1)
  2 quokkas
  3 frilled lizards (D:1)
  8 rats
33 creatures vanquished.

Notes
Turn   | Place    | Note
-------+----------+-------------------------------------------
     0 | D:1      | qw the Gargoyle Hexslinger began the quest for the Orb.
     0 | D:1      | Reached XP level 1. HP: 12/12 MP: 2/2
     0 | D:1      | 0 ||| qw: Version: 0.3-a-46-gb1f654a
     0 | D:1      | 0 ||| qw: Game counter: 1014
     0 | D:1      | 0 ||| qw: Melee chars always use a shield: true
     0 | D:1      | 0 ||| qw: God list: Okawaru
     0 | D:1      | 0 ||| qw: Allow faded altars: false
     0 | D:1      | 0 ||| qw: Do Orc after clearing Dungeon:15 true
     0 | D:1      | 0 ||| qw: Do second Lair branch before Depths: true
     0 | D:1      | 0 ||| qw: Lair rune preference: random
     0 | D:1      | 0 ||| qw: Goals: Normal
     0 | D:1      | 0 ||| PLANNING D:1-11
   109 | D:1      | Found a faded altar of an unknown god.
   256 | D:1      | Reached XP level 2. HP: 16/16 MP: 3/3
   340 | D:1      | Reached skill level 3 in Ranged Weapons
   719 | D:1      | 719 ||| UPGRADING to +0 ring mail.
   729 | D:1      | 729 ||| DROPPING +0 robe.
   730 | D:1      | 730 ||| UPGRADING to +0 helmet.
   735 | D:1      | 735 ||| UPGRADING to +0 pair of gloves.
   740 | D:1      | 740 ||| READING scroll labelled AMEGOF WUS.
   741 | D:1      | 741 ||| READING 2 scrolls labelled REIRE ZANLUO.
   742 | D:1      | 742 ||| READING scroll of enchant armour.
   742 | D:1      | 742 ||| ENCHANTING +0 pair of gloves.
   743 | D:1      | 743 ||| READING scroll labelled VETRUA EZIANURCH.
   748 | D:1      | 748 ||| READING scroll labelled XUV MOACSELEM.
   749 | D:1      | 749 ||| READING scroll labelled ISTRYEKY ENISM.
   750 | D:1      | 750 ||| READING 2 scrolls labelled ILUPLE GAZUGEL.
   751 | D:1      | 751 ||| DROPPING scroll of poison.
   828 | D:2      | Reached XP level 3. HP: 22/22 MP: 4/4
  1017 | D:2      | Reached skill level 1 in Armour
  1096 | D:2      | Reached XP level 4. HP: 27/27 MP: 5/5
  1112 | D:2      | Noticed a black bear
  1119 | D:2      | HP: 4/27 [black bear (6)]
  1120 | D:2      | Slain by a black bear

Levels and vault maps discovered:
D:1:      psy_arrival_fountain, layout_basic,
          ebering_ecumenical_altar_sacrificial, nrook_mini_backslash
D:2:      kennysheep_big_flooded_room, layout_basic

Skill      XL: |  1  2  3 |
---------------+----------+-----
Ranged Weapons | 3 |  3.3
Fighting       | 2 |  2.3
Armour         | 1 |  1.3
Dodging        | |  1.5
Spellcasting   | |  1.0
Hexes          | |  2.6

Action                     |  1- 3 |  4- 6 || total
---------------------------+-------+-------++-------
   Fire: Sling             |   105 |     8 ||   113
    Use: Scroll            |     7 |       ||     7
 Armour: Robe              |     5 |       ||     5
         Ring mail         |    28 |     5 ||    33
  Dodge: Dodged            |    43 |    18 ||    61

Table legend:
 A = Non-vault XP
 B = Vault XP
 C = Vault XP percentage of total XP
 D = Non-vault monster count
 E = Vault monster count
 F = Vault count percentage of total count
                 A         B        C        D         E       F
            +---------+---------+-------+---------+---------+-------
      Total |      90 |       0 |   0.0 |      33 |       0 |   0.0
            +---------+---------+-------+---------+---------+-------
        D:1 |      33 |       0 |   0.0 |      21 |       0 |   0.0
        D:2 |      57 |       0 |   0.0 |      12 |       0 |   0.0
            +---------+---------+-------+---------+---------+-------
